 Dungeon Crawl Stone Soup version 0.31.0-12-g77e489cdc1 (webtiles) character file.

Game seed: 17612221514135432824

1103 Brozuf the Ruffian (level 8, -1/83 HPs)
             Began as a Troll Shapeshifter on Feb 19, 2024.
             Slain by an orc warrior
             ... wielding a +0 long sword
              (8 damage)
             ... on level 6 of the Dungeon.
             The game lasted 00:12:58 (4424 turns).

Brozuf the Ruffian (Troll Shapeshifter)             Turns: 4424, Time: 00:12:59

Health: -1/83      AC:  4    Str: 25    XL:     8   Next: 10%
Magic:  0/7        EV:  9    Int:  6    God:
Gold:   301        SH:  0    Dex:  9    Spells: 7/7 levels left

rFire   . .          .
                       - Unarmed
rCold   . . .        (no shield)
rNeg    . . .        a - +0 animal skin
rPois   .            (helmet currently unavailable)
rElec   .            (cloak currently unavailable)
rCorr   .            (gloves unavailable)
SInv    .            (boots unavailable)
Will    +....        k - amulet of guardian spirit
Stlth   +            j - ring of willpower
HPRegen 1.13/turn    (no ring)
MPRegen 0.10/turn

%: guardian spirit
@: lethally poisoned (-1 -> -3), beast-form, slowed, studying Fighting, very
slow
A: beast (slay +3), large, unfitting armour, claws 3, regeneration 1, shaggy fur
1, tough skin 1
a: Begin Untransformation


You were on level 6 of the Dungeon.
You were a hulking beast.
You visited 1 branch of the dungeon, and saw 6 of its levels.

You collected 371 gold pieces.
You spent 70 gold pieces at shops.

Inventory:

Armour
 a - a +0 animal skin (worn)
 i - a +0 cloak
Jewellery
 j - a ring of willpower (left claw)
 k - an amulet of guardian spirit (around neck)
 m - a ring of protection from cold
 p - a ring of positive energy
Talismans
 c - a beast talisman
 d - a flux talisman
Wands
 f - a wand of flame (8)
 o - a wand of mindburst (8)
Scrolls
 g - a scroll of enchant weapon
 n - a scroll of identify
 r - a scroll of teleportation
Potions
 b - a potion of lignification
 e - 2 potions of curing
 h - a potion of invisibility {unknown}
 l - 2 potions of heal wounds
 q - a potion of berserk rage


   Skills:
 + Level 6.0 Fighting
 - Level 1.5 Dodging
 + Level 6.2 Unarmed Combat
 + Level 5.8 Shapeshifting


You had 7 spell levels left.
You didn't know any spells.
Your spell library contained the following spells:

 Spells                   Type           Power      Damage    Failure   Level
 Anguish                  Hex/Necr       0%         N/A       99%         4
 Cause Fear               Hex            0%         N/A       99%         4
 Enfeeble                 Hex            0%         N/A       100%        7


Dungeon Overview and Level Annotations

Branches:
Dungeon (6/15)
 Temple: D:4-7

Altars:
Ashenzari
Fedhas
Gozag
Makhleb
Nemelex Xobeh
Qazlal
Uskayaw
Zin

Shops:
D:2 =   D:4 =   D:5 *

Annotations:
D:4 Pikel


Innate Abilities, Weirdness & Mutations

You are a hulking beast.
Your limbs bulge with bestial killing power. (Slay +3)
You are too large for most types of armour.
You have claws for hands.
Your natural rate of healing is unusually fast.
You are covered in fur. (AC +1)
You have tough skin. (AC +1)


Message History

You feel sick.
The gnoll hits you from afar with a +0 spear.
The orc warrior hits you with a +0 long sword.
You are too injured to fight recklessly!
You are too injured to fight recklessly!
You are too injured to fight recklessly!
You are too injured to fight recklessly!
You are too injured to fight recklessly!
You are too injured to fight recklessly!
You are too injured to fight recklessly!
Press: ? - help, v - describe, . - travel
Here: a gnoll, wielding a +0 spear, wearing a +0 robe and quivering curare-tipped darts The floor.
Unknown command.
Unknown command.
You feel sick.
The gnoll throws a curare-tipped dart.
The curare-tipped dart hits you.
You are more poisoned.
You have difficulty breathing.
You feel as though you will be slow longer.
You are too injured to fight recklessly!
You are too injured to fight recklessly!
You are too injured to fight recklessly!
You feel very sick.
The gnoll throws a curare-tipped dart.
The curare-tipped dart hits you.
You are more poisoned.
You have difficulty breathing.
* * * LOW HITPOINT WARNING * * *
You feel as though you will be slow longer.
The orc warrior attacks as it pursues you!
The orc warrior completely misses you.
The orc warrior hits you with a +0 long sword!
* * * LOW HITPOINT WARNING * * *
Unknown command.
Unknown command.
* * * LOW HITPOINT WARNING * * *
You feel very sick.
You feel very sick.
The orc warrior hits you with a +0 long sword!
You die...

########################
#.......).............<.
#######.##################.
........###### #.
.....#............## ##
..S....######...h#..#########
# S.......#
###.o.......)...### #
).......# #..g.......##...###
........# ####).............#
.......# ###$g#####..#######
........##### #.g.## #### #
...###......###g### #
.B........#...†.#
#...#.....o#...##


You could see an orc warrior and 2 gnolls.

Vanquished Creatures
  An ogre (D:5)
  A phantom (D:5)
  A bullfrog (D:6)
  A scorpion (D:5)
  5 wights (D:6)
  5 hounds
  2 bombardier beetles (D:6)
  A sleepcap (D:5)
  An orc wizard (D:4)
  2 iguanas
  2 gnolls
  11 adders
  3 ufetubi (D:6)
  A dart slug (D:1)
  2 ribbon worms
  21 orcs
  7 endoplasms
  2 giant cockroaches (D:2)
  8 goblins
  8 hobgoblins
  6 quokkas
  2 ball pythons
  8 bats
  3 frilled lizards
  7 kobolds
  4 rats
115 creatures vanquished.

Notes
Turn   | Place    | Note
-------+----------+-------------------------------------------
     0 | D:1      | Brozuf the Troll Shapeshifter began the quest for the Orb.
     0 | D:1      | Reached XP level 1. HP: 18/18 MP: 0/0
    86 | D:1      | Reached skill level 1 in Fighting
   152 | D:1      | Reached XP level 2. HP: 27/27 MP: 1/1
   407 | D:1      | Reached XP level 3. HP: 33/33 MP: 2/2
   897 | D:2      | Found Teug's Jewellery Shop.
  1126 | D:2      | Reached XP level 4. HP: 42/42 MP: 3/3
  1175 | D:2      | Found a stormy altar of Qazlal.
  2100 | D:4      | Reached XP level 5. HP: 45/50 MP: 2/4
  2435 | D:4      | Found a broken altar of Ashenzari.
  2467 | D:4      | Noticed a lemure
  2576 | D:4      | Found Geukeudi's Jewellery Boutique.
  2822 | D:4      | Noticed a lemure
  2823 | D:4      | Noticed Pikel
  2897 | D:5      | Entered Level 5 of the Dungeon
  2904 | D:5      | Identified a scroll of acquirement
  2904 | D:5      | Acquired a manual of Fighting
  3080 | D:5      | Reached XP level 6. HP: 59/61 MP: 5/5
  3241 | D:5      | Found a blossoming altar of Fedhas.
  3250 | D:5      | Found Arhuob's General Store.
  3258 | D:5      | Bought a potion of heal wounds for 70 gold pieces
  3295 | D:5      | Reached skill level 5 in Unarmed Combat
  3425 | D:5      | Found an opulent altar of Gozag.
  3425 | D:5      | Found a glowing silver altar of Zin.
  3536 | D:5      | Reached skill level 5 in Shapeshifting
  3536 | D:5      | Reached XP level 7. HP: 59/71 MP: 4/6
  3587 | D:5      | Found a burning altar of Makhleb.
  3589 | D:5      | Found a hide-covered altar of Uskayaw.
  3934 | D:6      | Found a sparkling altar of Nemelex Xobeh.
  4122 | D:6      | Reached skill level 5 in Fighting
  4268 | D:6      | Reached XP level 8. HP: 82/83 MP: 7/7
  4424 | D:6      | Slain by an orc warrior

Illustrated notes

Levels and vault maps discovered:
D:1:      dpeg_arrival_rooms_b, layout_rooms
D:2:      layout_loops_cross, basic_altar, serial_shops, nicolae_lakefront_shop,
          minmay_pentomino_t2
D:3:      layout_basic
D:4:      layout_basic, mainiacjoe_overflow_alcove_2,
          minmay_shop_enchanted_jewellery, uniq_pikel
D:5:      layout_layer_cave, grunt_temple_overflow_gold_and_silver,
          mainiacjoe_overflow_brackets, mainiacjoe_overflow_catwalk_spiral,
          serial_shops, nicolae_shop_peninsula
D:6:      hangedman_cross_stitches, layout_rooms, mainiacjoe_overflow_alcove_4,
          mainiacjoe_overflow_cross_hatched, nemelex_diamond_rough_becter

Skill      XL: |  1  2  3  4  5  6  7  8 |
---------------+-------------------------+-----
Fighting       | 1 2 3 4 5 6 |  6.0
Unarmed Combat | 4 5 6 |  6.2
Shapeshifting  | 4 5 |  5.8
Dodging        | |  1.5

Action                     |  1- 3 |  4- 6 |  7- 9 || total
---------------------------+-------+-------+-------++-------
  Melee: Unarmed           |    88 |   147 |    64 ||   299
         Punch             |     1 |     1 |       ||     2
    Use: Scroll            |       |     9 |       ||     9
 Armour: Animal skin       |    53 |    87 |    71 ||   211
  Dodge: Dodged            |    42 |    44 |    31 ||   117
